 Dungeon Crawl Stone Soup version 0.29-a0-553-g81b289dbe5 (webtiles) character file.

Game seed: 11762847200362780613

56 zishaf the Gusty (level 3, -4/20 HPs)
             Began as a Tengu Air Elementalist on June 6, 2022.
             Blown up by Ijyb (19 damage)
             ... with a mindburst bolt
             ... on level 3 of the Dungeon.
             The game lasted 00:03:56 (2138 turns).

zishaf the Gusty (Tengu Air Elementalist)           Turns: 2138, Time: 00:03:56

Health: -4/20      AC:  3    Str:  8    XL:     3   Next: 97%
Magic:  7/7        EV: 16    Int: 23    God:
Gold:   101        SH:  0    Dex: 14    Spells: 3/6 levels left

rFire   . . .      SeeInvis .   d - +1 short sword (venom)
rCold   . . .      Faith    .   (no shield)
rNeg    . . .      Spirit   .   a - +0 robe
rPois   .          Reflect  .   (helmet restricted)
rElec   .          Harm     .   (no cloak)
rCorr   .          Rampage  .   j - +0 pair of gloves
Will    .....                   (boots unavailable)
Stlth   ++........              (no amulet)
HPRegen 0.06/turn               q - +6 ring of intelligence
MPRegen 0.10/turn               s - +4 ring of evasion

@: no status effects
A: beak, talons 3
a: no special abilities


You were on level 3 of the Dungeon.
You visited 1 branch of the dungeon, and saw 3 of its levels.

You collected 101 gold pieces.

Inventory:

Hand Weapons
 d - a +1 short sword of venom (weapon)
Armour
 a - a +0 robe (worn)
 j - a +0 pair of gloves (worn)
Jewellery
 q - a +6 ring of intelligence (left hand)
 s - a +4 ring of evasion (right hand)
 t - a ring of see invisible
Scrolls
 c - 2 scrolls of poison {unknown}
 g - a scroll of magic mapping {unknown}
 h - 4 scrolls of vulnerability {unknown}
 l - 2 scrolls of immolation {unknown}
 m - 2 scrolls of identify {unknown}
 n - 2 scrolls of enchant weapon {unknown}
 p - a scroll of teleportation {unknown}
 r - a scroll of summoning {unknown}
Potions
 b - a potion of magic
 e - 2 potions of curing {unknown}
 f - a potion of berserk rage {unknown}
 i - 2 potions of attraction {unknown}
 k - a potion of brilliance {unknown}
 o - 2 potions of mutation {unknown}


   Skills:
 + Level 1.2 Fighting
 + Level 2.7 Dodging
 - Level 2.0 Stealth
 + Level 2.0 Spellcasting
 + Level 2.4 Conjurations
 * Level 5.0 Air Magic


You had 3 spell levels left.
You knew the following spells:

 Your Spells              Type           Power      Damage    Failure   Level
a - Shock                 Conj/Air       76%        1d7       2%          1
A - Static Discharge      Conj/Air       19%        N/A       4%          2

Your spell library contained the following spells:

 Spells                   Type           Power      Damage    Failure   Level
 Swiftness                Air            25%        N/A       4%          3
 Airstrike                Air            12%        N/A       16%         4


Dungeon Overview and Level Annotations

Branches:
Dungeon (3/15)

Altars:

Shops:
D:1 [

Annotations:
D:3 Ijyb


Innate Abilities, Weirdness & Mutations

You have a beak for a mouth.
You have claws for feet.


Message History

You hit the giant cockroach.
The giant cockroach is poisoned.
You peck the giant cockroach.
You kill the giant cockroach!
t - a ring of see invisible You open the door.
There is an open door here.
A hobgoblin comes into view.
The helpless hobgoblin fails to defend itself.
You hit the hobgoblin.
The hobgoblin is poisoned.
The hobgoblin is heavily wounded.
You kill the hobgoblin!
You see here a hobgoblin corpse.
You now have 101 gold pieces (gained 14).
Ijyb the Twisted Goblin comes into view.
She is wielding a +0 dagger and carrying a wand of mindburst (22).
You aren't carrying any items that you can evoke.
Okay, then.
An orc comes into view. It is wielding a +0 club.
The orc shouts!
A rat comes into view.
You hit the orc.
The orc is poisoned.
You peck the orc, but do no damage.
The orc is heavily wounded.
You kill the orc!
Things that are here:
a +0 club; a +0 chain mail A quokka comes into view.
The quokka closely misses you.
You hit the quokka but do no damage.
The quokka is poisoned.
The quokka bites you.
You miss the quokka.
The quokka is moderately wounded.
The quokka completely misses you.
You barely miss the quokka. You claw the quokka.
You kill the quokka!
Ijyb shouts!
Things that are here:
a +0 club; a +0 chain mail Ijyb zaps a wand.
Your mind is blasted!
Ijyb zaps a wand.
Your mind is blasted!
Ouch! That really hurt!
You die...

#......#
..P#P..#.##......#
.......#P##....###
≈P.≈≈≈P...#....#
≈≈≈≈≈P..#....#
≈.≈≈≈≈ #....# #≈≈≈
#)...# ##.
##.####....####
#...#...#.@........
.............#######
.........g...#
.............#
.g..........##
.#...#...#..#
##.###.##### #≈≈ ≈≈≈
.≈ .≈≈


You could see Ijyb.

Vanquished Creatures
  A gnoll (D:1)
  An orc (D:3)
  8 endoplasms
  2 giant cockroaches
  2 goblins (D:1)
  3 hobgoblins
  8 jackals (D:1)
  2 quokkas (D:3)
  A ball python (D:2)
  4 bats
  A frilled lizard (D:1)
  3 kobolds
  A rat (D:1)
37 creatures vanquished.

Vanquished Creatures (others)
  4 plants
  A withered plant (D:1)
5 creatures vanquished.

Grand Total: 42 creatures vanquished

Notes
Turn   | Place    | Note
-------+----------+-------------------------------------------
     0 | D:1      | zishaf the Tengu Air Elementalist began the quest for the
                  | Orb.
     0 | D:1      | Reached XP level 1. HP: 10/10 MP: 4/4
   109 | D:1      | Reached XP level 2. HP: 13/16 MP: 0/6
   115 | D:1      | Learned a level 2 spell: Static Discharge
   174 | D:1      | Found Vocsaf's Antique Armour Shop.
   574 | D:1      | Found a faded altar of an unknown god.
   632 | D:1      | Reached skill level 1 in Fighting
   632 | D:1      | Reached XP level 3. HP: 8/20 MP: 7/7
  1953 | D:3      | Reached skill level 5 in Air Magic
  2083 | D:3      | Noticed Ijyb
  2138 | D:3      | Blown up by Ijyb

Illustrated notes

Levels and vault maps discovered:
D:1:      grunt_arrival_lava_bath, layout_loops_ring, serial_shops,
          nicolae_shop_overgrown_old_shop, shapermc_ecumenical_altar_flowoftime
D:2:      layout_loops_ring
D:3:      wad_lake_hut, layout_basic, yredelemnul_altar_generic,
          wad_floor_pattern_1, uniq_crazy_yiuf_cottage, uniq_ijyb, uniq_robin

Skill      XL: |  1  2  3 |
---------------+----------+-----
Conjurations   | 2 |  2.4
Fighting       | 1 |  1.2
Air Magic      | 5 |  5.0
Dodging        | |  2.7
Stealth        | |  2.0
Spellcasting   | |  2.0

Action                   || total
-------------------------++-------
Melee: Short sword       ||    61
       Kick              ||    15
       Peck              ||     8
 Cast: Shock             ||    12
 Stab: Sleeping          ||     5
Armor: Robe              ||    12
Dodge: Dodged            ||    42

Table legend: (Time is in decaauts)
 A = Elapsed time spent in this place.
 B = Non-inter-level travel time spent in this place.
 C = Inter-level travel time spent in this place.
 D = Time resting spent in this place.
 E = Time spent auto-exploring this place.
 F = Levels seen in this place.
 G = Mean time per level.
                   A        B        C        D        E       F      G
               +--------+--------+--------+--------+--------+-----+--------+
         Total |   2142 |   2100 |     42 |     30 |   1716 |   3 |  714.0 |
       Dungeon |   2142 |   2100 |     42 |     30 |   1716 |   3 |  714.0 |
               +--------+--------+--------+--------+--------+-----+--------+

Top non-repeatable levels by time:
     D:1: 1119 daAuts
     D:2: 824 daAuts
     D:3: 198 daAuts
